 Dungeon Crawl Stone Soup version 0.31-a0-1104-g3bd3108 (webtiles) character file.

Game seed: 14162279223086655291

2416 blake the Grappler (level 9, -2/62 (68) HPs)
             Began as a Gnoll Shapeshifter on Dec 2, 2023.
             Slain by a wight
             ... wielding a +0 halberd
              (6 damage)
             ... on level 8 of the Dungeon.
             The game lasted 00:22:05 (4713 turns).

blake the Grappler (Gnoll Shapeshifter)             Turns: 4713, Time: 00:22:05

HP:   -2/62 (68)    AC: 10    Str: 15    XL:     9   Next: 47%
MP:   0/15          EV: 11    Int: 13    God:
Gold: 496           SH:  0    Dex: 11    Spells: 16/16 levels left

rFire   + .          .
                       - Unarmed
rCold   . . .        (shield currently unavailable)
rNeg    . . .        o - +2 scale mail {rF+}
rPois   .            (no helmet)
rElec   .            (no cloak)
rCorr   .            (no gloves)
SInv    .            A - +0 pair of boots
Will    .....        e - amulet of guardian spirit
Stlth   +            (no ring)
HPRegen 0.30/turn    (no ring)
MPRegen 0.14/turn

%: guardian spirit
@: about to teleport, flux-form, glowing, drained, invisible (but backlit and
visible)
A: glow, contaminating, fangs 1, strong nose, distributed training
a: Begin Untransformation


You were on level 8 of the Dungeon.
You were something dangerously unstable.
You visited 2 branches of the dungeon, and saw 9 of its levels.

You collected 496 gold pieces.

Inventory:

Hand Weapons
 g - a +0 sling
 D - the +7 trident of Bevobaul {drain, rPois rN+ Int-2}
   (You found it on level 8 of the Dungeon)

   Int-2:     It affects your intelligence (-2).
   rPois:     It protects you from poison rN+: It protects you from negative
   energy.
Missiles
 h - a curare-tipped dart (quivered)
 z - 2 silver javelins
 I - 5 atropa-tipped darts
Armour
 a - a +0 animal skin
 o - a +2 scale mail of fire resistance (worn)
 A - a +0 pair of boots (worn)
Magical Staves
 s - a staff of earth
Jewellery
 e - an amulet of guardian spirit (around neck)
Talismans
 c - a beast talisman
 d - a flux talisman (active)
Wands
 C - a wand of iceblast (12)
 E - a wand of polymorph (7)
 K - a wand of quicksilver (11)
Scrolls
 j - a scroll of fear
 k - a scroll of identify
 p - a scroll of poison {unknown}
 r - 3 scrolls of enchant weapon {unknown}
 t - a scroll of silence {unknown}
 u - 2 scrolls of butterflies {unknown}
 x - a scroll of amnesia {unknown}
 y - a scroll of enchant armour {unknown}
 B - a scroll of teleportation
 F - a scroll of immolation {unknown}
 G - 2 scrolls of fog {unknown}
Potions
 b - 2 potions of lignification
 f - 2 potions of invisibility
 i - 2 potions of mutation {unknown}
 l - 3 potions of curing {unknown}
 m - a potion of magic {unknown}
 n - a potion of cancellation {unknown}
 q - a potion of might {unknown}
 v - 2 potions of attraction {unknown}
 w - 2 potions of resistance {unknown}
 H - 2 potions of brilliance {unknown}
 J - a potion of enlightenment {unknown}


   Skills:
 + Level 5.1 Fighting
 + Level 4.3 Short Blades
 + Level 4.3 Long Blades
 + Level 4.3 Axes
 + Level 4.3 Maces & Flails
 + Level 4.3 Polearms
 + Level 4.3 Staves
 + Level 4.3 Ranged Weapons
 + Level 4.3 Throwing
 + Level 4.3 Armour
 + Level 6.4 Dodging
 + Level 4.3 Stealth
 + Level 4.3 Shields
 + Level 8.0 Unarmed Combat
 + Level 4.3 Spellcasting
 + Level 3.6 Conjurations
 + Level 3.6 Hexes
 + Level 3.6 Summonings
 + Level 3.6 Necromancy
 + Level 3.6 Translocations
 + Level 3.6 Transmutations
 + Level 3.6 Fire Magic
 + Level 3.6 Ice Magic
 + Level 3.6 Air Magic
 + Level 3.6 Earth Magic
 + Level 3.6 Poison Magic
 + Level 4.8 Invocations
 + Level 4.3 Evocations
 + Level 7.7 Shapeshifting


You had 16 spell levels left.
You didn't know any spells.
Your spell library was empty.

Dungeon Overview and Level Annotations

Branches:
Dungeon (8/15)             Temple (1/1) D:5
   Lair: D:8-11

Altars:
Dithmenos
Elyvilon
Fedhas
Gozag
Hepliaklqana
Kikubaaqudgha
Nemelex Xobeh
Qazlal
Sif Muna
Uskayaw
Vehumet
Wu Jian
Xom
Yredelemnul
Zin
The Shining One

Shops:
D:3 (

Annotations:
D:3 3 runed translucent doors, Agrajag's ghost, amateur DECj; Dega's ghost, amateur OpFi; Speno2's ghost, weakling DsMo; whguseh43's ghost, amateur KoHu


Innate Abilities, Weirdness & Mutations

You are something dangerously unstable.
You glow with magical radiation, making you easy to see and hit.
Foes you strike become dangerously contaminated with magical radiation.
You are incapable of wielding weapons or throwing items.
You have very sharp teeth.
Your uncanny sense of smell can sniff out nearby items.
Your experience applies equally to all skills.


Message History

You barely miss the gnoll bouda.
The gnoll bouda is almost dead.
The gnoll hits you but does no damage. The wight barely misses you.
You barely miss the gnoll bouda.
The gnoll bouda is almost dead.
The gnoll is no longer moving quickly.
The gnoll bouda prays to its god.
The gnoll bouda is healed somewhat.
The gnoll hits you but does no damage.
You hit the gnoll bouda.
The gnoll bouda begins to glow.
The gnoll bouda is severely wounded.
The gnoll is no longer moving quickly.
The wight closely misses you.
The gnoll bouda barks out a call to the hunt!
The gnolls pick up the pace!
The gnoll hits you from afar with a +0 halberd.
As you read the scroll labelled SOTAUZXOUHEA, it crumbles to dust.
You assume a fearsome visage.
The wight is unaffected.
The gnoll bouda looks frightened!
The gnoll looks frightened!
It was a scroll of fear.
The wight closely misses you. The gnoll hits you but does no damage.
The wight barely misses you.
Your attacks no longer feel as feeble.
The gnoll attacks as it pursues you! The gnoll closely misses you.
The wight barely misses you.
The gnoll hits you from afar with a +0 halberd!
* * * LOW HITPOINT WARNING * * *
The wight attacks as it pursues you! The wight closely misses you.
The gnoll attacks as it pursues you!
The gnoll hits you from afar with a +0 halberd.
* * * LOW HITPOINT WARNING * * *
As you read the scroll labelled KUNKOBBEBLU, it crumbles to dust.
It is a scroll of identify.
B - 2 scrolls of teleportation The wight closely misses you.
The gnoll closely misses you.
As you read the scroll of teleportation, it crumbles to dust.
You feel strangely unstable. The wight closely misses you.
The gnoll hits you from afar with a +0 halberd!
* * * LOW HITPOINT WARNING * * *
It was a potion of invisibility.
You become transparent, but the glow from your form prevents you from becoming completely invisible.
The wight hits you from afar with a +0 halberd!
You die...

#...≈≈##≈≈.....#.. #...≈##
#≈.....#.. ∆
#.$.≈####≈.....#.. ∆
#...≈≈##≈≈.....#..
#.......#...≈≈≈≈≈≈.....#..
#.......#........(.....#..
#....g..#..#...#.......#..
#.......#..##..#.......###
#.......#p.##..#..........
#......g#...#..#..........
#.....g.#gz.#..#..........
#.......#g..#..#..........
+.....g.)......#..........
#.....g≈≈≈≈≈≈..#..........
#......≈≈##≈≈..#..........
#......≈####≈..#.......###
+......≈# ##≈..#.......'..


You could see a wight and 2 gnolls.

Vanquished Creatures
  4 black bears
  4 ogres
  2 kobold brigands (D:7)
  A wyvern zombie (D:6)
  5 necrophages (D:6)
  A bullfrog (D:7)
  2 scorpions
  4 wights
  A bullfrog zombie (D:6)
  A centaur zombie (D:6)
  3 hounds
  An orc priest (D:5)
  A human zombie (D:6)
  3 iguanas
  Terence (D:2)
  10 orc wizards
  A killer bee zombie (D:6)
  2 mummies (D:6)
  Robin (D:3)
  2 adders
  5 gnolls
  A shadow imp (D:6)
  2 white imps
  An adder skeleton (D:2)
  A dart slug (D:2)
  36 orcs
  2 ball pythons
  7 endoplasms
  2 giant cockroaches
  5 hobgoblins
  A quokka (D:2)
  A ball python skeleton (D:2)
  A ball python zombie (D:2)
  5 bats
  4 frilled lizards
  12 goblins
  10 kobolds
  6 rats
152 creatures vanquished.

Notes
Turn   | Place    | Note
-------+----------+-------------------------------------------
     0 | D:1      | blake the Gnoll Shapeshifter began the quest for the Orb.
     0 | D:1      | Reached XP level 1. HP: 17/17 MP: 1/1
   283 | D:1      | Reached XP level 2. HP: 23/23 MP: 2/2
   665 | D:2      | Noticed Terence
   680 | D:2      | Killed Terence
   681 | D:2      | Reached skill level 1 in Invocations
   681 | D:2      | Reached XP level 3. HP: 9/28 MP: 1/4
   685 | D:2      | Reached skill level 1 in Short Blades
   685 | D:2      | Reached skill level 1 in Long Blades
   685 | D:2      | Reached skill level 1 in Axes
   685 | D:2      | Reached skill level 1 in Maces & Flails
   685 | D:2      | Reached skill level 1 in Polearms
   685 | D:2      | Reached skill level 1 in Staves
   685 | D:2      | Reached skill level 1 in Ranged Weapons
   685 | D:2      | Reached skill level 1 in Throwing
   685 | D:2      | Reached skill level 1 in Armour
   685 | D:2      | Reached skill level 1 in Stealth
   685 | D:2      | Reached skill level 1 in Shields
   685 | D:2      | Reached skill level 1 in Spellcasting
   685 | D:2      | Reached skill level 1 in Evocations
  1086 | D:3      | Noticed whguseh43's ghost (amateur KoHu)
  1086 | D:3      | Noticed Dega's ghost (amateur OpFi)
  1086 | D:3      | Noticed Agrajag's ghost (amateur DECj)
  1086 | D:3      | Noticed Speno2's ghost (weakling DsMo)
  1086 | D:3      | Found a runed translucent gate.
  1086 | D:3      | Found a runed translucent gate.
  1086 | D:3      | Found a runed translucent gate.
  1094 | D:3      | Reached XP level 4. HP: 33/34 MP: 5/5
  1233 | D:3      | Noticed Robin
  1251 | D:3      | Reached skill level 1 in Conjurations
  1251 | D:3      | Reached skill level 1 in Hexes
  1251 | D:3      | Reached skill level 1 in Summonings
  1251 | D:3      | Reached skill level 1 in Necromancy
  1251 | D:3      | Reached skill level 1 in Translocations
  1251 | D:3      | Reached skill level 1 in Transmutations
  1251 | D:3      | Reached skill level 1 in Fire Magic
  1251 | D:3      | Reached skill level 1 in Ice Magic
  1251 | D:3      | Reached skill level 1 in Air Magic
  1251 | D:3      | Reached skill level 1 in Earth Magic
  1251 | D:3      | Reached skill level 1 in Poison Magic
  1254 | D:3      | Killed Robin
  1304 | D:3      | Found Wigatz's Weapon Shop.
  1451 | D:3      | Noticed a scorpion
  1456 | D:3      | Killed a scorpion
  1457 | D:3      | Reached XP level 5. HP: 41/41 MP: 5/7
  1464 | D:3      | Found a faded altar of an unknown god.
  1828 | D:4      | Noticed a black bear
  1835 | D:4      | Killed a black bear
  1836 | D:4      | Reached XP level 6. HP: 41/47 MP: 6/8
  1847 | D:4      | Identified the +2 falchion of Feoretirr {drain, rF+ Str-4
                  | Dex+2}
  1854 | D:4      | Reached skill level 5 in Dodging
  1980 | D:4      | Reached skill level 7 in Unarmed Combat
  1980 | D:4      | Reached XP level 7. HP: 34/52 MP: 10/10
  2179 | D:5      | Entered Level 5 of the Dungeon
  2344 | D:5      | Found an ornate altar of the Wu Jian Council.
  2538 | D:5      | Found a staircase to the Ecumenical Temple.
  2543 | Temple   | Entered the Ecumenical Temple
  2602 | D:5      | Found an opulent altar of Gozag.
  2672 | D:5      | Found a glowing silver altar of Zin.
  2707 | D:5      | Reached XP level 8. HP: 52/60 MP: 10/12
  3361 | D:8      | Identified the +7 trident of Bevobaul {drain, rPois rN+
                  | Int-2}
  3553 | D:7      | Found a sparkling altar of Nemelex Xobeh.
  3775 | D:6      | Found an ancient bone altar of Kikubaaqudgha.
  3794 | D:6      | Reached XP level 9. HP: 61/66 MP: 14/14
  4184 | D:6      | Found a shimmering altar of Xom.
  4186 | D:6      | Found a shimmering altar of Xom.
  4373 | D:7      | Reached skill level 5 in Fighting
  4697 | D:8      | Reached skill level 8 in Unarmed Combat
  4712 | D:8      | HP: 3/62 [gnoll/+0 halberd[a gnoll bouda] (8)]
  4713 | D:8      | Slain by a wight

Illustrated notes

Levels and vault maps discovered:
D:1:      reono_arrival_forest_river, layout_loops_cross,
          chequers_serial_rivers_large_a
D:2:      layout_loops_ring, serial_undead, serial_undead_d, serial_undead_c,
          serial_undead_a, serial_undead_c, uniq_terence
D:3:      layout_loops_ring, serial_glass, glass_columns_b, glass_columns_c,
          glass_columns_c, due_unseen_surprise, item_on_display_a,
          feat_on_display, feat_on_display, basic_ecumenical_altar,
          serial_shops, shop, gammafunk_ghost_cemetery, uniq_robin
D:4:      layout_loops_ring, general_overflow_altar
D:5:      layout_cave_pods, mainiacjoe_overflow_alcove_4, kennysheep_mini_moat,
          nicolae_wu_jian_wuxing_cycle, mainiacjoe_overflow_tiny_flanked,
          minmay_temple_entry_nine_rooms
D:6:      layout_loops_ring, kennysheep_mini,
          lemuel_mausoleum_altar_kikubaaqudgha, xom_redecorated,
          chequers_serial_rivers_room_a, minivault_22
D:7:      layout_gridville, nemelex_dance_club_becter
D:8:      nicolae_moon_pools, layout_gridville
Temple:   hellmonk_temple_beads

Skill      XL: |  1  2  3  4  5  6  7  8  9 |
---------------+----------------------------+-----
Invocations    | 1 2 3 4 |  4.8
Short Blades   | 1 2 3 4 |  4.3
Long Blades    | 1 2 3 4 |  4.3
Axes           | 1 2 3 4 |  4.3
Maces & Flails | 1 2 3 4 |  4.3
Polearms       | 1 2 3 4 |  4.3
Staves         | 1 2 3 4 |  4.3
Ranged Weapons | 1 2 3 4 |  4.3
Throwing       | 1 2 3 4 |  4.3
Armour         | 1 2 3 4 |  4.3
Stealth        | 1 2 3 4 |  4.3
Shields        | 1 2 3 4 |  4.3
Spellcasting   | 1 2 3 4 |  4.3
Evocations     | 1 2 3 4 |  4.3
Conjurations   | 1 2 3 |  3.6
Hexes          | 1 2 3 |  3.6
Summonings     | 1 2 3 |  3.6
Necromancy     | 1 2 3 |  3.6
Translocations | 1 2 3 |  3.6
Transmutations | 1 2 3 |  3.6
Fire Magic     | 1 2 3 |  3.6
Ice Magic      | 1 2 3 |  3.6
Air Magic      | 1 2 3 |  3.6
Earth Magic    | 1 2 3 |  3.6
Poison Magic   | 1 2 3 |  3.6
Fighting       | 3 4 5 |  5.1
Dodging        | 5 6 |  6.4
Unarmed Combat | 7 8 |  8.0
Shapeshifting  | 7 |  7.7

Action                     |  1- 3 |  4- 6 |  7- 9 || total
---------------------------+-------+-------+-------++-------
  Melee: Unarmed           |    78 |   104 |   332 ||   514
         Bite              |     2 |    16 |    47 ||    65
         Punch             |       |     3 |       ||     3
  Throw: Dart              |     1 |     2 |       ||     3
    Use: Scroll            |       |       |     3 ||     3
         Potion            |       |       |     1 ||     1
   Stab: Sleeping          |     2 |       |       ||     2
 Armour: Animal skin       |    29 |    23 |       ||    52
         Scale mail        |       |    28 |   233 ||   261
  Dodge: Dodged            |    34 |    49 |   172 ||   255
   Form: Beast             |     1 |       |       ||     1
         Flux              |       |     1 |       ||     1

Table legend: (Time is in decaauts)
 A = Elapsed time spent in this place.
 B = Non-inter-level travel time spent in this place.
 C = Inter-level travel time spent in this place.
 D = Time resting spent in this place.
 E = Time spent auto-exploring this place.
 F = Levels seen in this place.
 G = Mean time per level.
                   A        B        C        D        E       F      G
               +--------+--------+--------+--------+--------+-----+--------+
         Total |   4654 |   4400 |    254 |      0 |   3333 |   9 |  517.1 |
       Dungeon |   4652 |   4398 |    254 |      0 |   3333 |   8 |  581.5 |
        Temple |      1 |      1 |      0 |      0 |      0 |   1 |    1.0 |
               +--------+--------+--------+--------+--------+-----+--------+

Top non-repeatable levels by time:
     D:7: 879 daAuts
     D:6: 712 daAuts
     D:5: 692 daAuts
     D:3: 633 daAuts
     D:1: 578 daAuts
     D:2: 506 daAuts
     D:4: 450 daAuts
     D:8: 198 daAuts
  Temple: 1 daAuts
